 Dungeon Crawl Stone Soup version 0.21.1-1-g345015f (webtiles) character file.

792 Figureslego113 the Destroyer (level 7, -5/36 HPs)
             Began as a Deep Elf Wizard on June 21, 2018.
             Was an Initiate of Vehumet.
             Slain by Duvessa
             ... wielding a +0 rapier
              (6 damage)
             ... on level 5 of the Dungeon.
             The game lasted 00:20:54 (3891 turns).

Figureslego113 the Destroyer (Deep Elf Wizard)      Turns: 3891, Time: 00:20:55

Health: -5/36      AC:  6    Str:  4    XL:     7   Next: 57%
Magic:  8/19       EV: 18    Int: 29    God:    Vehumet [......]
Gold:   221        SH:  0    Dex: 18    Spells: 17/20 levels left

rFire    . . .     SeeInvis .   (no weapon)
rCold    . . .     Gourm    .   (no shield)
rNeg     . . .     Faith    .   a - +0 robe
rPois    .         Spirit   .   b - +0 hat
rElec    .         Reflect  .   l - +0 cloak
rCorr    .         Harm     .   s - +2 pair of gloves
MR       .....                  (no boots)
Stlth    +++.......             (no amulet)
HPRegen  0.12/turn              m - +4 ring of intelligence
MPRegen  0.16/turn              (no ring)

@: agile
A: no striking features
a: Renounce Religion


You were on level 5 of the Dungeon.
You worshipped Vehumet.
Vehumet was noncommittal.
You were not hungry.

You visited 1 branch of the dungeon, and saw 5 of its levels.

You collected 221 gold pieces.

Inventory:

Armour
 a - a +0 robe (worn)
 b - a +0 hat (worn)
 l - a +0 cloak (worn)
 s - a +2 pair of gloves (worn)
Jewellery
 m - a +4 ring of intelligence (left hand)
 o - an uncursed amulet of rage
Wands
 u - a wand of polymorph (12)
Scrolls
 f - 5 scrolls of remove curse {unknown}
 g - 6 scrolls of identify {unknown}
 h - 4 scrolls of fog {unknown}
 j - 4 scrolls of teleportation {unknown}
 p - a scroll of noise {unknown}
 q - 4 scrolls of amnesia {unknown}
Potions
 e - a potion of resistance {unknown}
 n - a potion of degeneration {unknown}
 r - 2 potions of heal wounds {unknown}
 t - a potion of flight {unknown}
Books
 c - a book of Minor Magic

   Spells                             Type                      Level
   a - Magic Dart                     Conjuration                  1
   b - Blink                          Translocation                2
   c - Call Imp                       Summoning                    2
   d - Slow                           Hexes                        2
   e - Conjure Flame                  Conjuration/Fire             3
   f - Mephitic Cloud                 Conjuration/Poison/Air       3
 k - a book of Misfortune

   Spells                             Type                      Level
   a - Confusing Touch                Hexes                        1
   b - Confuse                        Hexes                        3
   c - Gell's Gravitas                Translocation                3
   d - Petrify                        Transmutation/Earth          4
   e - Metabolic Englaciation         Hexes/Ice                    5
   f - Yara's Violent Unravelling     Hexes/Transmutation          5
Comestibles
 d - 9 rations
 v - 2 chunks of flesh


   Skills:
 - Level 2.4 Dodging
 - Level 2.4 Stealth
 - Level 7.0 Spellcasting
 + Level 8.0 Conjurations
 + Level 0.9 Hexes
   Level 1.1 Summonings
   Level 1.1 Translocations


You had 17 spell levels left.
You knew the following spells:

 Your Spells              Type           Power        Failure   Level  Hunger
a - Magic Dart            Conj           ####         1%          1    None
b - Slow                  Hex            ###.....     5%          2    None


Dungeon Overview and Level Annotations

Branches:
Dungeon (5/15)             Temple (0/1) D:5

Altars:
Elyvilon
Vehumet

Annotations:
D:4 Pikel
D:5 Duvessa


Message History

Aim: Duvessa, wielding a rapier and wearing a leather armour (berserk, fast, unusually strong, chance to defeat MR: 28%) Duvessa easily resists.
Duvessa completely misses you.
Evoke which item? (* to show all) (? for menu, Esc to quit)
Aiming: Polymorph
Press: ? - help, Shift-Dir - straight line, f/p - Duvessa
Aim: Duvessa, wielding a rapier and wearing a leather armour (berserk, fast, unusually strong, chance to defeat MR: 28%) Duvessa easily resists.
Duvessa hits you with a rapier!
You feel agile all of a sudden. Duvessa barely misses you.
Duvessa hits you with a rapier!
* * * LOW HITPOINT WARNING * * *
Duvessa hits you with a rapier.
* * * LOW HITPOINT WARNING * * *
Casting: Magic Dart
Confirm with . or Enter, or press ? or * to list all spells.
Aiming: Slow
Press: ? - help, Shift-Dir - straight line, f/p - Duvessa
Aim: Duvessa, wielding a rapier and wearing a leather armour (berserk, fast, unusually strong, chance to defeat MR: 34%) Duvessa easily resists.
Duvessa closely misses you. Duvessa hits you with a rapier.
You die...

.# .## ..#####
...(... ..#####
.## .#
#########.### .#
###....).......
.#
#...@e......###
.# #.#.#########
.############.#.#
..........)...#.#
###############.#
#.# ..# ###


You could see Duvessa (berserk).

Vanquished Creatures
  An ogre (D:4)
  2 scorpions (D:4)
  Dowan (D:5)
  A crimson imp (D:5)
  2 orc priests (D:4)
  A hound (D:4)
  4 orc wizards (D:4)
  An iguana (D:4)
  5 worker ants
  8 adders
  2 oozes
  2 worms
  3 dart slugs
  3 leopard geckos
  9 orcs
  2 giant cockroaches (D:1)
  5 goblins
  9 hobgoblins
  3 quokkas
  A ball python (D:3)
  A ball python zombie (D:5)
  12 bats
  4 frilled lizards
  8 kobolds
  8 rats
98 creatures vanquished.

Vanquished Creatures (others)
  An orc (D:4)
1 creature vanquished.

Grand Total: 99 creatures vanquished

Notes
Turn   | Place    | Note
-------+----------+-------------------------------------------
     0 | D:1      | Figureslego113 the Deep Elf Wizard began the quest for the Orb.
     0 | D:1      | Reached XP level 1. HP: 10/10 MP: 7/7
   299 | D:1      | Reached skill level 5 in Spellcasting
   310 | D:1      | Reached XP level 2. HP: 15/15 MP: 6/10
   941 | D:1      | Reached XP level 3. HP: 19/19 MP: 9/12
  1111 | D:2      | Reached skill level 2 in Conjurations
  1349 | D:2      | Reached XP level 4. HP: 18/24 MP: 11/14
  1777 | D:3      | Learned a level 2 spell: Slow
  2116 | D:4      | Reached skill level 3 in Conjurations
  2116 | D:4      | Reached XP level 5. HP: 28/28 MP: 10/16
  2272 | D:4      | Noticed an ogre
  2277 | D:4      | Killed an ogre
  2277 | D:4      | Reached skill level 4 in Conjurations
  2372 | D:4      | Reached skill level 5 in Conjurations
  2372 | D:4      | Reached XP level 6. HP: 13/32 MP: 4/18
  2815 | D:4      | Reached skill level 6 in Conjurations
  2893 | D:4      | Reached XP level 7. HP: 22/36 MP: 0/19
  3047 | D:4      | Reached skill level 7 in Conjurations
  3062 | D:4      | Found a white marble altar of Elyvilon.
  3064 | D:4      | Found a radiant altar of Vehumet.
  3070 | D:4      | Became a worshipper of Vehumet
  3181 | D:4      | Noticed Pikel
  3627 | D:5      | Entered Level 5 of the Dungeon
  3639 | D:5      | Found a staircase to the Ecumenical Temple.
  3872 | D:5      | Noticed Dowan
  3879 | D:5      | Killed Dowan
  3879 | D:5      | Reached skill level 8 in Conjurations
  3881 | D:5      | Noticed Duvessa
  3889 | D:5      | HP: 1/36 [Duvessa/rapier (3)]
  3891 | D:5      | Slain by Duvessa

Skill      XL: |  1  2  3  4  5  6  7 |
---------------+----------------------+-----
Spellcasting   | 5 6 7 |  7.0
Conjurations   | 2 3 5 6 8 |  8.0
Dodging        | |  2.4
Stealth        | |  2.4
Hexes          | |  0.9
Summonings     | |  1.1
Translocations | |  1.1

Action                   |  1- 3 |  4- 6 |  7- 9 || total
-------------------------+-------+-------+-------++-------
Melee: Unarmed           |    20 |     6 |     1 ||    27
 Cast: Magic Dart        |   112 |   129 |    87 ||   328
       Slow              |       |       |     4 ||     4
Evoke: Wand              |       |       |     2 ||     2
  Use: Potion            |     4 |       |     2 ||     6
  Eat: Chunk             |     1 |     4 |       ||     5
       Ration            |       |       |     1 ||     1
Armor: Robe              |    18 |    12 |     5 ||    35
Dodge: Dodged            |    70 |    30 |    20 ||   120
